 Dungeon Crawl Stone Soup version 0.31-a0-851-g7ff8af7976 (webtiles) character file.

Game seed: 3395802289680430534

9 Kurtz the Sneak (level 2, 0/24 HPs)
             Began as a Mummy Delver on Oct 6, 2023.
             Slain by a hound (1 damage)
             ... on level 5 of the Dungeon.
             The game lasted 00:00:08 (194 turns).

Kurtz the Sneak (Mummy Delver)                       Turns: 194, Time: 00:00:09

Health: 0/24       AC:  3    Str: 15    XL:     2   Next: 3%
Magic:  2/2        EV: 11    Int:  9    God:
Gold:   0          SH:  0    Dex: 13    Spells: 1/1 levels left

rFire   x . .        a - +0 hand axe
rCold   + . .        (no shield)
rNeg    + + +        b - +0 leather armour
rPois   ∞            (no helmet)
rElec   .            (no cloak)
rCorr   .            (no gloves)
SInv    .            (no boots)
Will    .....        (no amulet)
Stlth   ++           (no ring)
HPRegen 0.24/turn    (no ring)
MPRegen 0.08/turn

%: faith
@: no status effects
A: cold resistance 1, negative energy resistance 3, torment resistance 2, heat
vulnerability 1, in touch with death 1, no potions, faith
a: no special abilities


You were on level 5 of the Dungeon.
You visited 1 branch of the dungeon, and saw 1 of its levels.

Inventory:

Hand Weapons
 a - a +0 hand axe (weapon)
Armour
 b - a +0 leather armour (worn)
Wands
 f - a wand of digging (3)
Scrolls
 c - a scroll of fog
 d - a scroll of revelation
 e - a scroll of fear


   Skills:
 - Level 3.0 Fighting
 * Level 2.2 Axes
 - Level 1.5 Dodging
 - Level 4.1 Stealth


You had one spell level left.
You didn't know any spells.
Your spell library was empty.

Dungeon Overview and Level Annotations

Branches:
Dungeon (5/15)
 Temple: D:4-7

Altars:


Innate Abilities, Weirdness & Mutations

You are immune to poison.
Your flesh is cold resistant. (rC+)
You are immune to negative energy. (rN+++)
You are immune to unholy pain and torment.
You are vulnerable to heat. (rF-)
You are in touch with the powers of death.
You do not drink.
You have a special connection with the divine. (Faith)


Message History

Unknown command.
You are too injured to fight recklessly!
You hit the hound.
The hound is moderately wounded.
The hound barely misses you. The hound completely misses you.
You hit the hound but do no damage.
The hound is moderately wounded.
The hound barely misses you. The hound closely misses you.
You closely miss the hound.
The hound is moderately wounded.
The hound barely misses you. The hound bites you.
Unknown command.
You barely miss the hound.
The hound is moderately wounded.
The hound completely misses you.
You are too injured to fight recklessly!
You closely miss the hound.
The hound is moderately wounded.
The hound closely misses you. The hound bites you but does no damage.
You are too injured to fight recklessly!
Unknown command.
You hit the hound.
The hound is moderately wounded.
The hound bites you. The hound completely misses you.
You are too injured to fight recklessly!
You closely miss the hound.
The hound is moderately wounded.
The hound bites you.
* * * LOW HITPOINT WARNING * * *
The hound closely misses you.
You are too injured to fight recklessly!
You miss the hound.
The hound is moderately wounded.
The hound closely misses you. The hound bites you.
* * * LOW HITPOINT WARNING * * *
You are too injured to fight recklessly!
You hit the hound.
The hound is heavily wounded.
The hound bites you.
You die...

# #. ####
.. .J#
#.#h#
#..@##
##...###
##....#
......##.#
########.##
#..#
##.#######
#.......#
####....#


You could see a hound and a jelly.

Vanquished Creatures
  An adder (D:5)
1 creature vanquished.

Notes
Turn   | Place    | Note
-------+----------+-------------------------------------------
     0 | D:5      | Kurtz the Mummy Delver began the quest for the Orb.
     0 | D:5      | Reached XP level 1. HP: 18/18 MP: 1/1
    21 | D:5      | Reached XP level 2. HP: 11/24 MP: 2/2
   193 | D:5      | HP: 1/24 [hound (3)]
   194 | D:5      | Slain by a hound

Illustrated notes

Levels and vault maps discovered:
D:5:      layout_basic, nicolae_grassy_gnolls

Skill      XL: |  1 |
---------------+----+-----
Axes           | 2 |  2.2
Fighting       | |  3.0
Dodging        | |  1.5
Stealth        | |  4.1

Action                     || total
---------------------------++-------
  Melee: Hand axe          ||    23
 Armour: Leather armour    ||    18
  Dodge: Dodged            ||    20

Table legend: (Time is in decaauts)
 A = Elapsed time spent in this place.
 B = Non-inter-level travel time spent in this place.
 C = Inter-level travel time spent in this place.
 D = Time resting spent in this place.
 E = Time spent auto-exploring this place.
 F = Levels seen in this place.
 G = Mean time per level.
                   A        B        C        D        E       F      G
               +--------+--------+--------+--------+--------+-----+--------+
         Total |    198 |    198 |      0 |    154 |      9 |   1 |  198.0 |
       Dungeon |    198 |    198 |      0 |    154 |      9 |   1 |  198.0 |
               +--------+--------+--------+--------+--------+-----+--------+

Top non-repeatable levels by time:
     D:5: 198 daAuts
